 Dungeon Crawl Stone Soup version 0.30-a0-374-g95c0257040 (webtiles) character file.

Game seed: 14445198346666549374

1187 NinjaNoafa the Grappler (level 8, -10/74 HPs)
             Began as a Troll Monk on Nov 26, 2022.
             Was a Believer of Wu Jian.
             Mangled by an ice devil (21 damage)
             ... summoned by a kobold demonologist
             ... on level 5 of the Dungeon.
             The game lasted 00:08:03 (3357 turns).

NinjaNoafa the Grappler (Troll Monk)                Turns: 3357, Time: 00:08:04

Health: -10/74     AC:  0    Str: 20      XL:     8   Next: 19%
Magic:  7/7        EV: 14    Int:  5 (6)  God:    Wu Jian [**....]
Gold:   170        SH:  0    Dex: 14      Spells: 7/7 levels left

rFire   . . .      SeeInvis .      - Unarmed
rCold   . . .      Faith    .    (no shield)
rNeg    . . .      Spirit   .    a - +0 robe
rPois   .          Reflect  .    (helmet restricted)
rElec   .          Harm     .    (no cloak)
rCorr   .          Rampage  .    (gloves unavailable)
Will    .....                    (boots unavailable)
Stlth   ++........               o - amulet of regeneration
HPRegen 1.92/turn                c - +4 ring of evasion
MPRegen 0.10/turn                l - ring of flight

@: lethally poisoned (-10 -> -10), corroded, flying, slowed, very slow
A: large, unfitting armour, claws 3, regeneration 1, shaggy fur 1, tough skin 1,
subdued magic 1
a: Renounce Religion, Wall Jump


You were on level 5 of the Dungeon.
You worshipped Wu Jian.
Wu Jian was pleased with you.
You visited 1 branch of the dungeon, and saw 5 of its levels.

You collected 225 gold pieces.
You spent 55 gold pieces at shops.

Inventory:

Missiles
 d - 54 stones
 e - 5 poisoned darts
 m - 10 boomerangs
Armour
 a - a +0 robe (worn)
Jewellery
 c - a +4 ring of evasion (left claw)
 l - a ring of flight (right claw)
 o - an amulet of regeneration (around neck)
Wands
 q - a wand of light (8)
 v - a wand of roots (11)
Scrolls
 f - a scroll of immolation {unknown}
 g - 4 scrolls of teleportation
 j - a scroll of enchant weapon {unknown}
 n - a scroll of butterflies {unknown}
 p - 2 scrolls of fear
 s - 2 scrolls of blinking
 u - a scroll of noise {unknown}
Potions
 b - a potion of ambrosia
 h - a potion of degeneration
 i - 2 potions of invisibility
 k - 2 potions of curing
 r - 2 potions of heal wounds
 t - 2 potions of might {unknown}
 w - a potion of mutation {unknown}


   Skills:
 - Level 2.4 Fighting
 - Level 2.0 Throwing
 - Level 2.4 Dodging
 - Level 1.0 Stealth
 + Level 9.5 Unarmed Combat
 - Level 2.0 Evocations


You had 7 spell levels left.
You didn't know any spells.
Your spell library contained the following spells:

 Spells                   Type           Power      Damage    Failure   Level
 Blink                    Tloc           0%         N/A       58%         2
 Call Canine Familiar     Summ           0%         N/A       82%         3
 Hailstorm                Conj/Ice       0%         3d3       82%         3
 Kindle Blastsparks       Fire/Tloc/Air  0%         2d10      82%         3
 Portal Projectile        Hex/Tloc       0%         N/A       82%         3
 Teleport Other           Tloc           0%         N/A       82%         3
 Tukima's Dance           Hex            0%         N/A       82%         3
 Animate Armour           Summ/Erth      0%         N/A       99%         4
 Ice Form                 Ice/Tmut       0%         N/A       99%         4
 Leda's Liquefaction      Hex/Erth       0%         N/A       99%         4
 Blade Hands              Tmut           0%         N/A       100%        5
 Dispersal                Tloc           0%         N/A       100%        6
 Simulacrum               Ice/Necr       0%         N/A       100%        6


Dungeon Overview and Level Annotations

Branches:
Dungeon (5/15)
 Temple: D:4-7

Altars:
Ashenzari
Elyvilon
Kikubaaqudgha
Okawaru
Qazlal
Ru
Wu Jian
Zin

Shops:
D:1 ?


Innate Abilities, Weirdness & Mutations

You are too large for most types of armour.
You have claws for hands.
Your natural rate of healing is unusually fast.
You are covered in fur. (AC +1)
You have tough skin. (AC +1)
Your spells are a little easier to cast, but a little less powerful.


Message History

The grasping roots constrict the crimson imp!
You kill the crimson imp!
The crimson imp disappears in a puff of smoke!
The grasping roots constrict the neqoxec.
You feel sick.
The roots release their grip on the neqoxec.
The roots release their grip on the kobold demonologist.
The roots release their grip on the kobold brigand.
The kobold brigand hits you with a +0 dagger.
The kobold demonologist hits you with a +0 dagger.
The neqoxec gestures at you.
Something tries to feed on your intellect!
The kobold brigand hits you but does no damage.
The kobold demonologist closely misses you.
The neqoxec misses you.
You scratch the kobold demonologist.
The kobold demonologist is severely wounded.
You feel sick. The ice devil closely misses you. The rust devil misses you.
The kobold brigand hits you with a +0 dagger.
The kobold demonologist hits you with a +0 dagger.
* * * LOW HITPOINT WARNING * * *
The neqoxec hits you.
* * * LOW HITPOINT WARNING * * *
The ice devil misses you.
Aiming: Bolt of Light
Press: ? - help, Shift-Dir - straight line, f - kobold demonologist
Aim: a kobold demonologist, wielding a +0 dagger and wearing a +0 robe (severely wounded, 60% to hit)
The bolt of light misses the kobold demonologist.
The orc shouts!
You feel sick. The rust devil hits you. The rust devil corrodes you!
The kobold brigand closely misses you.
The kobold demonologist hits you with a +0 dagger.
* * * LOW HITPOINT WARNING * * *
The neqoxec gestures at you.
Strange energies course through your body.
Your connection to magic feels subdued.
The ice devil hits you!
* * * LOW HITPOINT WARNING * * *
The ice devil freezes you!!
You die...

# ## ######.# ## .#####.>......
... .......# . #.#
.####..####.##.##.#
#####......... .o.##
...###.####..# #K..####
##.###.## .# #44....# #.##...#
#..###@K.# ##.##.#.###....K3.##
#.....#...#.##.##.# #
....#####...##.##)###.# ###
#..W.<#...####.ยง....#.###.#...
##.##.#...........<.[....# #.#
#.##...#########.#.###...#..#
#.###### #.#.## #.#.# #.#
#....### #.#.#


You could see an ice devil (summoned), a rust devil (summoned), a kobold
demonologist, a neqoxec (summoned), 2 kobold brigands and an orc.

Vanquished Creatures
  A kobold demonologist (D:5)
  A yak (D:4)
  Edmund (D:4)
  A water moccasin (D:4)
  An ogre (D:4)
  A centaur (D:5)
  A necrophage (D:3)
  2 scorpions
  2 hounds (D:5)
  An orc priest (D:4)
  2 iguanas (D:4)
  2 ufetubi
  A worm (D:3)
  2 dart slugs
  13 orcs
  2 ball pythons
  4 bats
  7 endoplasms
  4 giant cockroaches
  4 goblins
  4 hobgoblins
  3 jackals (D:4)
  3 quokkas
  A frilled lizard (D:2)
  4 kobolds
  4 rats
72 creatures vanquished.

Notes
Turn   | Place    | Note
-------+----------+-------------------------------------------
     0 | D:1      | NinjaNoafa the Troll Monk began the quest for the Orb.
     0 | D:1      | Reached XP level 1. HP: 22/22 MP: 0/0
   158 | D:1      | Found Xewe's Magic Scroll Emporium.
   298 | D:1      | Reached XP level 2. HP: 27/29 MP: 1/1
   306 | D:1      | Found a faded altar of an unknown god.
   632 | D:1      | Bought a scroll of identify for 22 gold pieces
   667 | D:2      | You fall into a shaft and drop 1 floor!
   804 | D:3      | Noticed a necrophage
   811 | D:3      | Killed a necrophage
   812 | D:3      | Reached skill level 4 in Unarmed Combat
   812 | D:3      | Reached XP level 3. HP: 34/36 MP: 2/2
   812 | D:3      | Reached XP level 4. HP: 42/44 MP: 3/3
   918 | D:1      | Bought a scroll of teleportation for 33 gold pieces
   989 | D:2      | Reached skill level 5 in Unarmed Combat
   997 | D:2      | Found a stormy altar of Qazlal.
  1771 | D:3      | Got the Almanac of Love and Death
  1927 | D:3      | Found a sacrificial altar of Ru.
  2309 | D:4      | Identified the +1 sling "Weheh" {elec, rF- rN+++ Str-5
                  | Dex+7}
  2328 | D:4      | Noticed a scorpion
  2354 | D:3      | Killed a scorpion
  2355 | D:3      | Reached skill level 6 in Unarmed Combat
  2355 | D:3      | Reached XP level 5. HP: 50/50 MP: 4/4
  2450 | D:4      | Found a white marble altar of Elyvilon.
  2454 | D:4      | Noticed an ogre
  2472 | D:4      | Killed an ogre
  2493 | D:4      | Reached XP level 6. HP: 59/59 MP: 5/5
  2507 | D:4      | Reached skill level 7 in Unarmed Combat
  2524 | D:4      | Found a broken altar of Ashenzari.
  2527 | D:4      | Found an ancient bone altar of Kikubaaqudgha.
  2527 | D:4      | Found a glowing silver altar of Zin.
  2533 | D:4      | Found an ornate altar of the Wu Jian Council.
  2541 | D:4      | Became a worshipper of the Wu Jian Council
  2541 | D:4      | Reached * piety under Wu Jian
  2541 | D:4      | Reached ** piety under Wu Jian
  2608 | D:4      | Found an iron altar of Okawaru.
  2661 | D:4      | Noticed Edmund
  2682 | D:4      | Killed Edmund
  2683 | D:4      | Reached skill level 1 in Throwing
  2851 | D:4      | Noticed a water moccasin
  2867 | D:4      | Killed a water moccasin
  2868 | D:4      | Reached skill level 1 in Evocations
  2868 | D:4      | Reached XP level 7. HP: 13/66 MP: 6/6
  3101 | D:5      | Entered Level 5 of the Dungeon
  3101 | D:5      | Noticed a kobold demonologist
  3103 | D:5      | Noticed a hellwing
  3105 | D:5      | Noticed a kobold demonologist
  3109 | D:5      | Noticed a ynoxinul
  3226 | D:5      | Noticed a yak
  3226 | D:5      | Noticed a yak
  3227 | D:5      | Noticed a yak
  3282 | D:4      | Killed a yak
  3283 | D:4      | Reached skill level 8 in Unarmed Combat
  3341 | D:5      | Noticed a hellwing
  3346 | D:5      | Killed a kobold demonologist
  3347 | D:5      | Reached skill level 9 in Unarmed Combat
  3347 | D:5      | Reached XP level 8. HP: 45/74 MP: 7/7
  3354 | D:5      | Noticed an ice devil
  3355 | D:5      | Noticed a rust devil
  3357 | D:5      | Gained mutation: Your spells are a little easier to cast,
                  | but a little less powerful. [a neqoxec]
  3357 | D:5      | Mangled by an ice devil

Illustrated notes

Levels and vault maps discovered:
D:1:      dpeg_arrival_simpleton_c, layout_basic,
          shapermc_ecumenical_altar_mp_ritualfount, serial_shops,
          nicolae_shop_stone
D:2:      layout_basic, basic_altar, serial_glass, glass_columns_b,
          glass_columns_a, glass_columns_c, glass_columns_b, glass_columns_b,
          glass_columns_a
D:3:      layout_loops_ring, overflow_temple_1_default,
          chequers_serial_rivers_small_3
D:4:      layout_layer_cave, elyvilon_altar_4, okawaru_trees_2,
          grunt_temple_overflow_open, serial_glass, glass_columns_b,
          glass_columns_a, kennysheep_generic_room_4, uniq_edmund
D:5:      layout_loops_ring

Skill      XL: |  1  2  3  4  5  6  7 |
---------------+----------------------+-----
Unarmed Combat | 4 6 7 9 |  9.5
Throwing       | 2 |  2.0
Evocations     | 1 2 |  2.0
Fighting       | |  2.4
Dodging        | |  2.4
Stealth        | |  1.0

Action                   |  1- 3 |  4- 6 |  7- 9 || total
-------------------------+-------+-------+-------++-------
Melee: Unarmed           |    20 |   114 |    35 ||   169
       Punch             |       |     4 |     2 ||     6
 Fire: Sling             |       |     3 |       ||     3
Throw: Boomerang         |       |    29 |     9 ||    38
Invok: Whirlwind         |       |     4 |     8 ||    12
       Lunge             |       |     2 |       ||     2
 Abil: Wall Jump         |       |     4 |     4 ||     8
Evoke: Wand              |       |     2 |     4 ||     6
  Use: Scroll            |     1 |     3 |       ||     4
       Potion            |       |     3 |       ||     3
 Stab: Sleeping          |     5 |     3 |       ||     8
       Invisible         |       |     4 |     1 ||     5
Armor: Robe              |     1 |    27 |    12 ||    40
Dodge: Dodged            |     9 |    87 |    31 ||   127

Table legend: (Time is in decaauts)
 A = Elapsed time spent in this place.
 B = Non-inter-level travel time spent in this place.
 C = Inter-level travel time spent in this place.
 D = Time resting spent in this place.
 E = Time spent auto-exploring this place.
 F = Levels seen in this place.
 G = Mean time per level.
                   A        B        C        D        E       F      G
               +--------+--------+--------+--------+--------+-----+--------+
         Total |   3374 |   3058 |    316 |      0 |   2341 |   5 |  674.8 |
       Dungeon |   3374 |   3058 |    316 |      0 |   2341 |   5 |  674.8 |
               +--------+--------+--------+--------+--------+-----+--------+

Top non-repeatable levels by time:
     D:3: 920 daAuts
     D:4: 790 daAuts
     D:2: 737 daAuts
     D:1: 698 daAuts
     D:5: 228 daAuts
